 Dungeon Crawl Stone Soup version 0.31-a0-868-g674d60d6f7 (webtiles) character file.

Game seed: 4728885886847105006

544 LeprechaunX the Changeling (level 7, 0/45 HPs)
             Began as an Octopode Shapeshifter on Oct 12, 2023.
             Was an Initiate of Hepliaklqana.
             Slain by a centaur (1 damage)
             ... on level 5 of the Dungeon.
             The game lasted 00:04:58 (3431 turns).

LeprechaunX the Changeling (Octopode Shapeshifter)  Turns: 3431, Time: 00:04:59

Health: 0/45       AC:  1    Str: 15    XL:     7   Next: 27%
Magic:  7/7        EV: 13    Int: 13    God:    Hepliaklqana [......]
Gold:   144        SH:  9    Dex: 11    Spells: 6/6 levels left

rFire   . .          .
                       - Unarmed
rCold   . . .        e - +0 buckler
rNeg    . . .        (helmet currently unavailable)
rPois   .            q - amulet of reflection
rElec   .            (no ring)
rCorr   .            (no ring)
SInv    .            (no ring)
Will    .....        (no ring)
Stlth   ++           (no ring)
HPRegen 0.27/turn    (no ring)
MPRegen 0.10/turn    (no ring)
                     (no ring)

%: reflection
@: beast-form
A: beast (slay +2), almost no armour, amphibious, 8 rings, camouflage 1,
gelatinous body 1, (nimble swimmer 1), tentacles
a: Begin Untransformation, Renounce Religion


You were on level 5 of the Dungeon.
You worshipped Hepliaklqana.
Hepliaklqana was noncommittal.
You were a hulking beast.
You visited 1 branch of the dungeon, and saw 5 of its levels.

You collected 144 gold pieces.

Inventory:

Hand Weapons
 a - a +3 sling
Missiles
 m - 5 atropa-tipped darts
 n - 3 curare-tipped darts
Armour
 e - a +0 buckler (worn)
Jewellery
 i - an amulet of the acrobat
 l - a ring of ice
 q - an amulet of reflection (around mantle)
Talismans
 b - a beast talisman (active)
 c - a flux talisman
Wands
 g - a wand of mindburst (13)
Scrolls
 d - 3 scrolls of summoning {unknown}
 f - 2 scrolls of teleportation {unknown}
 j - 7 scrolls of identify {unknown}
 p - a scroll of fear {unknown}
 r - a scroll of enchant armour {unknown}
 t - a scroll of revelation {unknown}
 v - a scroll of amnesia {unknown}
Potions
 h - a potion of enlightenment {unknown}
 k - a potion of might {unknown}
 o - a potion of curing {unknown}
 s - a potion of degeneration {unknown}
 u - 2 potions of brilliance {unknown}
 w - a potion of lignification


   Skills:
 + Level 2.9 Fighting
 + Level 2.3 Ranged Weapons
 + Level 3.4 Dodging
 + Level 2.2 Shields
 + Level 4.0 Unarmed Combat
 * Level 4.8 Shapeshifting


You had 6 spell levels left.
You didn't know any spells.
Your spell library contained the following spells:

 Spells                   Type           Power      Damage    Failure   Level
 Necrotise                Necr           0%         1d4       38%         1
 Sandblast                Erth           0%         2d4       38%         1
 Passwall                 Tmut/Erth      0%         N/A       52%         2
 Inner Flame              Hex/Fire       0%         N/A       77%         3
 Stone Arrow              Conj/Erth      0%         3d7       77%         3
 Vampiric Draining        Necr           0%         2d6       77%         3
 Brom's Barrelling Bould  Conj/Erth      0%         2d3       99%         4
 Flame Wave               Conj/Fire      0%         2d4       99%         4
 Sticky Flame             Conj/Fire      0%         2d3       99%         4
 Agony                    Necr           0%         N/A       100%        5


Dungeon Overview and Level Annotations

Branches:
Dungeon (5/15)             Temple (0/1) D:4

Altars:
Ashenzari
Elyvilon
Fedhas
Gozag
Hepliaklqana
Okawaru
Uskayaw

Annotations:
D:4 2 runed translucent doors, Fodor's ghost, amateur MiFi


Innate Abilities, Weirdness & Mutations

You are a hulking beast.
Your limbs bulge with bestial killing power. (Slay +2)
You cannot wear most types of armour.
You are amphibious.
You can wear up to eight rings at the same time.
Your skin changes colour to match your surroundings (Stealth+).
Your rubbery body absorbs attacks. (AC +1, EV +1)
((You are camouflaged when in or above water. (Stealth+)))
You have tentacles for arms and can constrict up to eight enemies at once.


Message History

The arrow closely misses the centaur.
The centaur barely misses you. The centaur kicks you.
An adder comes into view.
You tentacle-slap the centaur but do no damage.
Your squeeze misses the centaur. You block the centaur's attack. x2
The centaur unwields a +0 orcbow.
The centaur hits you but does no damage.
The centaur barely misses you.
The centaur hits you but does no damage.
The centaur kicks you but does no damage.
You closely miss the centaur.
The centaur is lightly wounded.
You block the centaur's attack. x2; The centaur hits you.
The centaur closely misses you.
Unknown command.
You tentacle-slap the centaur.
The centaur is lightly wounded.
The centaur hits you.
* * * LOW HITPOINT WARNING * * *
You block the centaur's attack. The centaur barely misses you.
The centaur kicks you.
* * * LOW HITPOINT WARNING * * *
The centaur misses you. The centaur barely misses you.
You block the centaur's attack. The centaur closely misses you.
You tentacle-slap the centaur.
The centaur is moderately wounded.
The centaur closely misses you. You block the centaur's attack.
The centaur hits you.
* * * LOW HITPOINT WARNING * * *
The centaur misses you.
Unknown command.
You tentacle-slap the centaur but do no damage.
The centaur is lightly wounded.
The centaur hits you.
* * * LOW HITPOINT WARNING * * *
The centaur barely misses you. You block the centaur's attack.
The centaur kicks you.
* * * LOW HITPOINT WARNING * * *
You block the centaur's attack. The centaur kicks you.
You die...

## .# ###
##.##########.##
#..........(.#.## #.#
#...<...... ##.#####.#
#.#####.### #........#
#.# # ...##.##hc# #.###
#...##c### #..## #.
#.#S!.# ##.## ..
#...#.## #.## ..
#..c#....# .######.## #
#...##.##.# ..........
.##.##..##.# #######.##
.........#.#########.##
#..#####..............#


You could see 2 centaurs and an adder.

Vanquished Creatures
  Sigmund (D:3)
  Blork the orc (D:4)
  2 howler monkeys (D:4)
  An orc priest (D:3)
  Jessica (D:2)
  2 orc wizards (D:4)
  Ijyb (D:3)
  2 adders
  A worm (D:2)
  4 dart slugs
  5 orcs
  7 endoplasms
  4 giant cockroaches
  8 goblins
  3 hobgoblins
  5 kobolds
  2 quokkas
  11 ball pythons
  4 bats
  8 frilled lizards
  3 rats
76 creatures vanquished.

Notes
Turn   | Place    | Note
-------+----------+-------------------------------------------
     0 | D:1      | LeprechaunX the Octopode Shapeshifter began the quest for
                  | the Orb.
     0 | D:1      | Reached XP level 1. HP: 13/13 MP: 1/1
   121 | D:1      | Reached XP level 2. HP: 11/18 MP: 2/2
   664 | D:1      | Found a faded altar of an unknown god.
   682 | D:1      | Reached XP level 3. HP: 12/23 MP: 3/3
  1129 | D:2      | Noticed Jessica
  1131 | D:2      | Killed Jessica
  1132 | D:2      | Reached XP level 4. HP: 29/29 MP: 4/4
  1259 | D:2      | Reached skill level 1 in Ranged Weapons
  1382 | D:3      | Noticed Sigmund
  1411 | D:3      | Killed Sigmund
  1412 | D:3      | Reached skill level 1 in Shields
  1412 | D:3      | Reached XP level 5. HP: 8/35 MP: 5/5
  1412 | D:3      | Reached XP level 6. HP: 10/40 MP: 6/6
  1551 | D:3      | Noticed Ijyb
  1562 | D:3      | Killed Ijyb
  1796 | D:3      | Found a white marble altar of Elyvilon.
  2565 | D:4      | Found an opulent altar of Gozag.
  2566 | D:4      | Found a hide-covered altar of Uskayaw.
  2570 | D:4      | Found a broken altar of Ashenzari.
  2570 | D:4      | Found a hazy altar of Hepliaklqana.
  2607 | D:4      | Reached XP level 7. HP: 38/45 MP: 7/7
  2689 | D:4      | Found a blossoming altar of Fedhas.
  2690 | D:4      | Found an iron altar of Okawaru.
  2695 | D:4      | Became a worshipper of Hepliaklqana the Forgotten
  2905 | D:4      | Found a staircase to the Ecumenical Temple.
  2941 | D:4      | Noticed Blork the orc
  2948 | D:4      | Killed Blork the orc
  3106 | D:4      | Found a large runed translucent door.
  3106 | D:4      | Found a large runed translucent door.
  3110 | D:4      | Noticed Fodor's ghost (amateur MiFi)
  3372 | D:5      | Entered Level 5 of the Dungeon
  3431 | D:5      | HP: 1/45 [centaur (3)]
  3431 | D:5      | Slain by a centaur

Illustrated notes

Levels and vault maps discovered:
D:1:      dpeg_arrival_rooms_c, layout_loops_cross,
          shapermc_ecumenical_altar_mp_urbaneastern
D:2:      layout_rooms, kennysheep_generic_room_11, uniq_jessica
D:3:      layout_basic, mainiacjoe_overflow_small_starburst, uniq_ijyb,
          uniq_sigmund
D:4:      layout_gridville, grunt_temple_overflow_open,
          minmay_temple_entry_from_below_b, ebering_ghost_disaster_area,
          uniq_blork_the_orc
D:5:      wad_pebble_path, layout_loops_ring, minmay_manual_mares

Skill      XL: |  1  2  3  4  5  6  7 |
---------------+----------------------+-----
Ranged Weapons | 1 2 |  2.3
Fighting       | 2 |  2.9
Dodging        | 3 |  3.4
Shields        | 1 2 |  2.2
Shapeshifting  | 4 |  4.8
Unarmed Combat | 4 |  4.0

Action                     |  1- 3 |  4- 6 |  7- 9 || total
---------------------------+-------+-------+-------++-------
  Melee: Unarmed           |    71 |    63 |    19 ||   153
         Tentacles         |    13 |    16 |     5 ||    34
         Constrict         |    14 |    15 |     3 ||    32
         Punch             |     1 |     3 |       ||     4
   Fire: Sling             |     2 |    20 |     8 ||    30
    Use: Potion            |       |     1 |       ||     1
   Stab: Sleeping          |     4 |     3 |     1 ||     8
 Armour: Skin              |    22 |    27 |    18 ||    67
  Dodge: Dodged            |    36 |    32 |    17 ||    85
  Block: Buckler           |     3 |    10 |    13 ||    26
         Reflection        |       |       |     3 ||     3

Table legend: (Time is in decaauts)
 A = Elapsed time spent in this place.
 B = Non-inter-level travel time spent in this place.
 C = Inter-level travel time spent in this place.
 D = Time resting spent in this place.
 E = Time spent auto-exploring this place.
 F = Levels seen in this place.
 G = Mean time per level.
                   A        B        C        D        E       F      G
               +--------+--------+--------+--------+--------+-----+--------+
         Total |   3430 |   3276 |    154 |    341 |   2389 |   5 |  686.0 |
       Dungeon |   3430 |   3276 |    154 |    341 |   2389 |   5 |  686.0 |
               +--------+--------+--------+--------+--------+-----+--------+

Top non-repeatable levels by time:
     D:3: 1165 daAuts
     D:1: 852 daAuts
     D:4: 840 daAuts
     D:2: 514 daAuts
     D:5: 58 daAuts
